 Dungeon Crawl Stone Soup version 0.14-a0-2848-g1d0399b (webtiles) character file.

4195 JEFFREY the Covert (level 10, -8/72 HPs)
             Began as an Octopode Monk on Feb 27, 2014.
             Was a Believer of Dithmenos.
             Killed from afar by an orc (27 damage)
             ... with a wand of draining
             ... on Level 9 of the Dungeon.
             The game lasted 00:38:55 (7540 turns).

JEFFREY the Covert (Octopode Monk)                  Turns: 7540, Time: 00:38:56

HP  -8/72        AC  1     Str 18      XL: 10   Next: 18%
MP  15/15        EV 19     Int 12      God: Dithmenos [**....]
Gold 350         SH  0     Dex 17      Spells:  0 memorised,  9 levels left

rFire  . . .     SeeInvis .       - Unarmed
rCold  . . .     Clarity  .     (no shield)
rNeg   . . .     Conserve .     (helmet restricted)
rPois  +         rCorr    .     (no amulet)
rElec  .         rRot     .     d - ring of sustenance
SustAb . .       Spirit   .     e - ring of poison resistance
rMut   .         Warding  .     k - +6 ring of strength
Saprov . . .     Stasis   .     o - +3 ring of evasion
MR     .....                    J - ring of poison resistance
                                (no ring)
                                (no ring)
                                (no ring)

@: wreathed by umbra, heavily drained, not resistant to hostile enchantments,
extraordinarily stealthy
A: almost no armour, amphibious, 8 rings, constrict 8, camouflage 1, gelatinous
body 1
a: Shadow Step, Renounce Religion


You were on level 9 of the Dungeon.
You worshipped Dithmenos.
Dithmenos was pleased with you.
You were not hungry.

You visited 2 branches of the dungeon, and saw 10 of its levels.

You collected 350 gold pieces.

Inventory:

Magical devices
 q - a wand of frost (10)
 t - a wand of slowing (14)
 F - a wand of magic darts (4)
 G - a wand of flame (11) {unknown}
Comestibles
 b - 8 bread rations
 n - a meat ration
 p - 6 honeycombs
 v - 6 cheeses
 x - a choko
 C - an apricot
 H - a pear
Scrolls
 f - 7 scrolls of identify
 h - 8 scrolls of remove curse
 j - 6 scrolls of teleportation
 m - a scroll of amnesia
 r - 2 scrolls of enchant weapon II
 s - a scroll of noise
 y - 2 scrolls of enchant weapon I {unknown}
Jewellery
 d - a ring of sustenance (left tentacle)
 e - a ring of poison resistance (right tentacle)
 k - a +6 ring of strength (on tentacle)
 o - a +3 ring of evasion (on tentacle)
 J - a ring of poison resistance (on tentacle)
Potions
 a - a potion of resistance
 c - 3 potions of heal wounds
 g - 2 potions of agility
 i - 9 potions of curing
 l - 3 potions of restore abilities {unknown}
 w - a potion of porridge
 z - a potion of lignification {unknown}
 A - 2 potions of magic {unknown}
 B - a potion of berserk rage {unknown}
 I - a potion of confusion {unknown}
Books
 E - a book of Unlife

   Spells                             Type                      Level
   Recall                             Summoning/Translocation      3
   Animate Dead                       Necromancy                   4
   Control Undead                     Necromancy                   4
   Twisted Resurrection               Necromancy                   5
   Death Channel                      Necromancy                   6
   Simulacrum                         Ice/Necromancy               6


   Skills:
 + Level 7.8(6.4) Fighting
 + Level 7.8(6.4) Dodging
 + Level 9.7(8.2) Stealth
 + Level 8.2(6.8) Unarmed Combat
 - Level 1.2(0.0) Invocations
 - Level 3.1(1.9) Evocations


You had 9 spell levels left.
You didn't know any spells.

Dungeon Overview and Level Annotations

Branches:
Dungeon (9/16)             Temple (1/1) D:4
    Orc: D:9-12        Lair: D:8-11

Altars:
Ashenzari
Cheibriados
Dithmenos
Elyvilon
Fedhas
Kikubaaqudgha
Makhleb
Nemelex Xobeh
Okawaru
Sif Muna
Trog
Vehumet
Xom
Yredelemnul
Zin
The Shining One


Innate Abilities, Weirdness & Mutations

You cannot wear most types of armour.
You are amphibious.
You can wear up to eight rings at the same time.
You can use your tentacles to constrict many enemies at once.
Your skin changes colour to match your surroundings (Stlth).
Your rubbery body absorbs attacks (AC +1).


Message History

a glaive; an orcish chain mail The orc zaps a wand.
The bolt of negative energy misses you.
Use which ability? (? or * to list)
Aiming: Shadow Step
Press: ? - help, Dir - move target cursor, f - orc
Aim: an orc, wielding a hand axe, wearing a runed chain mail and carrying a wand of draining {zapped: 3} (umbra) That shadow isn't sufficiently still.
Okay, then.
You see here an orcish scale mail.
You barely miss the orc. Your grab misses the orc. The orc closely misses you.
You hit the orc but do no damage. You grab the orc. You constrict the orc.
The orc misses you.
You completely miss the orc.
The orc is lightly wounded.
You constrict the orc, but do no damage.
You hit the orc but do no damage. You tentacle-slap the orc.
The orc is severely wounded.
You constrict the orc.
The orc zaps a wand.
The bolt of negative energy hits you!
You feel drained.
You die...

...# ...#
...# ###..#
#J#..#
#k#..# #
#..# #C#o.#
#o#@## #5#.#
#C#)#
#.#####.###
#.........#
##.........#
.>.........#
#.........#
#.........#


You could see a hill giant, a crimson imp and an orc.

Vanquished Creatures
  Grinder (D:4)
  A two-headed ogre (D:5)
  A hippogriff (D:7)
  A soldier ant (D:8)
  Edmund (D:8)
  2 orc warriors
  A necrophage (D:5)
  A yellow wasp (D:7)
  3 phantoms
  4 ogres
  A boring beetle (D:8)
  2 centaurs
  A brain worm (D:8)
  A gnoll sergeant (D:8)
  Blork the orc (D:8)
  A cyclops zombie (D:8)
  2 giant frogs (D:8)
  6 killer bees (D:7)
  2 crimson imps (D:7)
  9 hounds
  A jelly (D:8)
  2 gnoll shamans (D:8)
  2 orc priests (D:4)
  A giant frog skeleton (D:7)
  A centaur skeleton (D:8)
  2 orc wizards (D:4)
  Natasha (thrice) (D:3)
  A big fish (D:7)
  3 scorpions
  6 worker ants
  2 iguanas
  Jessica (D:3)
  5 adders
  6 gnolls
  A shadow imp (D:6)
  2 inept feature mimics
  3 worms
  An adder skeleton (D:4)
  2 giant eyeballs
  An ooze (D:1)
  7 orcs
  4 giant cockroaches
  A gnoll zombie (D:6)
  13 goblins
  11 hobgoblins
  13 kobolds
  3 quokkas
  3 ball pythons
  11 bats
  A giant cockroach zombie (D:5)
  5 giant geckos
  6 giant newts
  A giant spore (D:9)
  2 hobgoblin skeletons (D:4)
  A hobgoblin zombie (D:5)
  15 jackals
  A jackal skeleton (D:4)
  2 orc skeletons
  17 rats
  A rat skeleton (D:8)
206 creatures vanquished.

Vanquished Creatures (others)
  An orc (D:9)
1 creature vanquished.

Grand Total: 207 creatures vanquished

Notes
Turn   | Place    | Note
--------------------------------------------------------------
     0 | D:1      | JEFFREY, the Octopode Monk, began the quest for the Orb.
     0 | D:1      | Reached XP level 1. HP: 16/16 MP: 1/1
   192 | D:1      | Reached XP level 2. HP: 14/21 MP: 2/2
   950 | D:1      | Reached XP level 3. HP: 26/26 MP: 3/3
  1228 | D:2      | Reached skill level 5 in Unarmed Combat
  1307 | D:2      | Reached XP level 4. HP: 25/31 MP: 4/4
  1728 | D:3      | Noticed Natasha
  1737 | D:3      | Killed Natasha
  1757 | D:3      | Found a deep blue altar of Sif Muna.
  1765 | D:3      | Noticed Natasha
  1768 | D:3      | Killed Natasha
  1826 | D:3      | Noticed Natasha
  1847 | D:3      | Killed Natasha
  1891 | D:3      | Noticed Jessica
  1898 | D:3      | Killed Jessica
  1898 | D:3      | Reached XP level 5. HP: 13/36 MP: 5/5
  2338 | D:4      | Reached XP level 6. HP: 10/43 MP: 6/6
  2491 | D:4      | Found a glowing golden altar of the Shining One.
  2794 | D:4      | Noticed Grinder
  2806 | D:4      | Killed Grinder
  2806 | D:4      | Reached skill level 5 in Stealth
  2806 | D:4      | Reached XP level 7. HP: 20/49 MP: 7/7
  3051 | D:4      | Found a staircase to the Ecumenical Temple.
  3063 | Temple   | Entered the Ecumenical Temple
  3203 | D:4      | Noticed a phantom
  3247 | D:4      | Killed a phantom
  3247 | D:4      | Reached skill level 5 in Fighting
  3750 | D:5      | Entered Level 5 of the Dungeon
  3780 | D:5      | Reached skill level 5 in Dodging
  3795 | D:5      | Reached skill level 6 in Stealth
  3799 | D:5      | Reached XP level 8. HP: 32/56 MP: 8/8
  3971 | D:5      | Noticed a two-headed ogre
  3980 | D:5      | HP: 2/56 [two-headed ogre/giant club (29)]
  3984 | D:5      | Killed a two-headed ogre
  3984 | D:5      | Reached skill level 7 in Stealth
  4505 | D:6      | Reached skill level 1 in Evocations
  4514 | D:6      | Found a shadowy altar of Dithmenos.
  4521 | D:6      | Became a worshipper of Dithmenos
  4521 | D:6      | Acquired Dithmenos' first power
  4677 | D:6      | Found a snail-covered altar of Cheibriados.
  5287 | D:7      | Reached XP level 9. HP: 62/62 MP: 12/12
  5394 | D:7      | Reached skill level 8 in Stealth
  5674 | D:7      | Found a blossoming altar of Fedhas.
  5685 | D:7      | Found a staircase to the Ecumenical Temple.
  5693 | D:7      | the staircase to the Ecumenical Temple was a mimic.
  5702 | D:7      | Reached skill level 1 in Invocations
  6022 | D:7      | Found a burning altar of Makhleb.
  6022 | D:7      | Found an ancient bone altar of Kikubaaqudgha.
  6231 | D:8      | Found a sparkling altar of Nemelex Xobeh.
  6458 | D:8      | Noticed Blork the orc
  6466 | D:8      | Killed Blork the orc
  6540 | D:8      | Reached skill level 9 in Stealth
  6990 | D:8      | Reached XP level 10. HP: 57/71 MP: 15/15
  7369 | D:8      | Noticed Edmund
  7383 | D:8      | Killed Edmund
  7508 | D:9      | Noticed a fire giant
  7516 | D:9      | Noticed a hill giant
  7540 | D:9      | Killed from afar by an orc

Action                   |  1- 3 |  4- 6 |  7- 9 | 10-12 || total
-------------------------+-------+-------+-------+-------++-------
Melee: Unarmed           |    76 |    76 |   314 |    50 ||   516
Invok: Shadow Step       |       |       |     1 |       ||     1
Evoke: Wand              |       |       |     3 |       ||     3
  Use: Scroll            |     2 |       |    13 |     5 ||    20
       Potion            |       |     1 |     1 |       ||     2
 Stab: Sleeping          |     9 |     8 |    32 |     6 ||    55
       Distracted        |       |       |       |     1 ||     1
